 Dungeon Crawl Stone Soup version 0.31.0-11-ge490571c62 (webtiles) character file.

Game seed: 6980575382202321843

1643912 oldmanjim the Conqueror (level 26, 256/261 (266) HPs)
             Began as a Minotaur Fighter on Jan 20, 2024.
             Was the Champion of Qazlal.
             Escaped with the Orb
             ... and 3 runes on Jan 27, 2024!
             The game lasted 08:05:08 (71032 turns).

oldmanjim the Conqueror (Minotaur Fighter)         Turns: 71032, Time: 08:05:08

HP:   256/261 (266) AC: 46    Str: 35    XL:     26   Next: 24%
MP:   37/37         EV: 17    Int:  3    God:    Qazlal [******]
Gold: 9005          SH: 36    Dex: 11    Spells: 35/35 levels left

rFire   + + +        a - +9 broad axe (heavy)
rCold   + + .        S - +8 tower shield {reflect}
rNeg    . . .        t - +13 plate armour of Pride {-Cast rPois rCorr}
rPois   +            (helmet unavailable)
rElec   .            T - scarf {rC+ rF+}
rCorr   +            A - +2 pair of gloves {Str+3}
SInv    +            B - +2 pair of boots
Will    ++++.        l
                       - Hermit's Pendant {Faith Invo=14 Evo=0 MP+5} Stlth
                     s - ring "Fyidyqia" {rF++ rC- Will+++ rCorr SInv}
HPRegen 0.63/turn    q - ring "Eclaatia" {rC++ AC+4 Int-2}
MPRegen 0.25/turn

%: no spellcasting, repel missiles, reflection, faith
@: studying Earth Magic, lightly drained
A: horns 3, retaliatory headbutt, mutation resistance 2, inability to drink
after injury 1
0: Orb of Zot
}: 3/15 runes: decaying, serpentine, silver
a: Renounce Religion, Upheaval, Elemental Force, Disaster Area


You escaped.
You worshipped Qazlal.
Qazlal was exalted by your worship.
You visited 9 branches of the dungeon, and saw 47 of its levels.
You also visited: Gauntlet and Ice Cave.

You collected 11553 gold pieces.
You spent 2548 gold pieces at shops.

Inventory:

Hand Weapons
 a - a +9 heavy broad axe (weapon)
 b - the +1 trident "Waraw" {vamp, rN+ Will+ Dex+4}
   (You took it off a spriggan on level 9 of the Dungeon)

   Dex+4:     It affects your dexterity (+4).
   rN+:       It protects you from negative energy.
   Will+:     It increases your willpower.
 e - a +9 broad axe of venom
Missiles
 v - 4 darts of dispersal
 C - 2 throwing nets
 F - 10 boomerangs
 J - 3 silver javelins
 L - 5 curare-tipped darts
 N - 7 javelins
Armour
 f - a +2 hat
 t - the +13 plate armour of Pride (worn) {-Cast rPois rCorr}
   (You found it on level 2 of the Depths)

   rPois:     It protects you from poison -Cast: It prevents spellcasting.
   rCorr:     It protects you from acid and corrosion.
 A - a +2 pair of gloves of strength (worn)
 B - a +2 pair of boots (worn)
 S - a +8 tower shield of reflection (worn)
 T - a scarf of resistance (worn)
Jewellery
 g - the ring "Vinurod" {+Blink rN+ Dex+3 Slay-3}
   (You found it on level 1 of the Depths)

   [ring of positive energy]

   Dex+3:     It affects your dexterity (+3).
   Slay-3:    It affects your accuracy & damage with ranged weapons and melee
   (-3).
   rN+:       It protects you from negative energy.
   +Blink:    It lets you blink.
 l - the Hermit's Pendant (around neck) {Faith Invo=14 Evo=0 MP+5}
   (You found it on level 4 of the Dungeon)

   [amulet of faith]

   Invo=14: It sets your Invocations skill to 14.
   Evo=0: It sets your Evocations skill to 0.
   Faith:     It allows you to gain divine favour quickly.
   MP+5:      It affects your magic capacity (+5).
 q - the ring "Eclaatia" (right hand) {rC++ AC+4 Int-2}
   (You found it in a Gauntlet)

   [ring of protection]

   AC+4:      It affects your AC (+4).
   Int-2:     It affects your intelligence (-2).
   rC++:      It greatly protects you from cold.
 s - the ring "Fyidyqia" (left hand) {rF++ rC- Will+++ rCorr SInv}
   (You found it in a Gauntlet)

   [ring of see invisible]

   rF++:      It greatly protects you from fire.
   rC-:       It makes you vulnerable to cold.
   Will+++:   It greatly increases your willpower.
   SInv:      It lets you see invisible.
   rCorr:     It protects you from acid and corrosion.
 X - a ring of flight
Wands
 c - a wand of digging (19)
 h - a wand of mindburst (63)
 r - a wand of flame (86)
 w - a wand of iceblast (70)
 M - a wand of acid (12) (quivered)
Scrolls
 m - 6 scrolls of poison
 n - 18 scrolls of teleportation
 u - 4 scrolls of fog
 y - 5 scrolls of revelation
 E - 11 scrolls of fear
 G - 3 scrolls of blinking
 P - 3 scrolls of enchant weapon
 U - 2 scrolls of silence
 V - 4 scrolls of immolation
 W - 7 scrolls of summoning
Potions
 d - 5 potions of might
 i - 14 potions of curing
 j - a potion of mutation
 k - 7 potions of cancellation
 p - 11 potions of lignification
 x - 17 potions of heal wounds
 z - 7 potions of enlightenment
 D - a potion of haste
 H - 3 potions of invisibility
 I - 9 potions of magic
 R - 9 potions of attraction
 Y - 2 potions of resistance
 Z - 2 potions of berserk rage
Miscellaneous
 o - a condenser vane
 K - a box of beasts
 O - a phantom mirror
 Q - a phial of floods


   Skills:
 O Level 27 Fighting
 - Level 24.0 Axes
 - Level 18.0 Throwing
 - Level 25.0 Armour
 + Level 23.0 Dodging
 - Level 19.0 Shields
 - Level 5.0 Spellcasting
 - Level 3.0(14.0) Invocations


You had 35 spell levels left.
You didn't know any spells.
Your spell library contained the following spells:

 Spells                   Type           Power      Damage    Failure   Level
 Apportation              Tloc           0%         N/A       83%         1
 Kiss of Death            Conj/Necr      0%         2d5       83%         1
 Magic Dart               Conj           0%         1d3       83%         1
 Necrotise                Necr           0%         1d4       83%         1
 Sandblast                Erth           0%         2d4       83%         1
 Shock                    Conj/Air       0%         1d3       83%         1
 Sting                    Conj/Alch      0%         1d3       83%         1
 Summon Small Mammal      Summ           0%         N/A       83%         1
 Blink                    Tloc           0%         N/A       92%         2
 Call Imp                 Summ           0%         N/A       92%         2
 Cigotuvi's Dreadful Rot  Necr/Alch/Air  0%         N/A       92%         2
 Ensorcelled Hibernation  Hex/Ice        0%         N/A       92%         2
 Jinxbite                 Hex            0%         N/A       92%         2
 Lesser Beckoning         Tloc           0%         N/A       92%         2
 Mercury Vapours          Alch/Air       0%         N/A       92%         2
 Momentum Strike          Conj/Tloc      0%         3d8       92%         2
 Searing Ray              Conj           0%         2d4       92%         2
 Static Discharge         Conj/Air       0%         3-3/arc   92%         2
 Sublimation of Blood     Necr           0%         N/A       92%         2
 Call Canine Familiar     Summ           0%         N/A       99%         3
 Frozen Ramparts          Ice            0%         1d1       99%         3
 Fugue of the Fallen      Necr           0%         N/A       99%         3
 Inner Flame              Hex/Fire       0%         N/A       99%         3
 Mephitic Cloud           Conj/Alch/Air  0%         N/A       99%         3
 Ozocubu's Armour         Ice            0%         N/A       99%         3
 Passwall                 Erth           0%         N/A       99%         3
 Sigil of Binding         Hex            0%         N/A       99%         3
 Stone Arrow              Conj/Erth      0%         3d7       99%         3
 Summon Ice Beast         Ice/Summ       0%         N/A       99%         3
 Vampiric Draining        Necr           0%         2d6       99%         3
 Volatile Blastmotes      Fire/Tloc      0%         2d10      99%         3
 Airstrike                Air            0%         2d(0-16)  100%        4
 Anguish                  Hex/Necr       0%         N/A       100%        4
 Animate Armour           Summ/Erth      0%         N/A       100%        4
 Brom's Barrelling Bould  Conj/Erth      0%         2d3       100%        4
 Cause Fear               Hex            0%         N/A       100%        4
 Dimensional Bullseye     Hex/Tloc       0%         N/A       100%        4
 Dispel Undead            Necr           0%         3d6       100%        4
 Flame Wave               Conj/Fire      0%         2d4       100%        4
 Fulminant Prism          Conj/Alch      0%         3d5       100%        4
 Ignite Poison            Fire/Alch      0%         N/A       100%        4
 Iskenderun's Mystic Bla  Conj/Tloc      0%         2d3       100%        4
 Manifold Assault         Tloc           0%         N/A       100%        4
 Martyr's Knell           Necr/Summ      0%         N/A       100%        4
 Olgreb's Toxic Radiance  Alch           0%         N/A       100%        4
 Passage of Golubria      Tloc           0%         N/A       100%        4
 Petrify                  Alch/Erth      0%         N/A       100%        4
 Sticky Flame             Fire/Alch      0%         2d4       100%        4
 Summon Blazeheart Golem  Fire/Summ      0%         N/A       100%        4
 Summon Lightning Spire   Summ/Air       0%         N/A       100%        4
 Vhi's Electric Charge    Tloc/Air       0%         N/A       100%        4
 Alistair's Intoxication  Alch           0%         N/A       100%        5
 Arcjolt                  Conj/Air       0%         1d10      100%        5
 Curse of Agony           Necr           0%         N/A       100%        5
 Fireball                 Conj/Fire      0%         3d3       100%        5
 Freezing Cloud           Conj/Ice/Air   0%         6-21      100%        5
 Irradiate                Conj/Alch      0%         3d11      100%        5
 Lee's Rapid Deconstruct  Erth           0%         3d4*      100%        5
 Metabolic Englaciation   Hex/Ice        0%         N/A       100%        5
 Summon Forest            Summ/Tloc      0%         N/A       100%        5
 Summon Mana Viper        Hex/Summ       0%         N/A       100%        5
 Death Channel            Necr           0%         N/A       100%        6
 Dispersal                Tloc           0%         N/A       100%        6
 Eringya's Noxious Bog    Alch           0%         4d6       100%        6
 Plasma Beam              Fire/Air       0%         2x1d10    100%        6
 Sculpt Simulacrum        Ice/Alch       0%         N/A       100%        6
 Monstrous Menagerie      Summ           0%         N/A       100%        7
 Orb of Destruction       Conj           0%         9d5       100%        7
 Ozocubu's Refrigeration  Ice            0%         4d7       100%        7
 Spellforged Servitor     Conj/Summ      0%         N/A       100%        7
 Summon Hydra             Summ           0%         N/A       100%        7
 Borgnjor's Revivificati  Necr           0%         N/A       100%        8
 Discord                  Hex            0%         N/A       100%        8
 Disjunction              Tloc           0%         N/A       100%        8
 Infestation              Necr           0%         N/A       100%        8
 Lehudib's Crystal Spear  Conj/Erth      0%         10d2      100%        8
 Death's Door             Necr           0%         N/A       100%        9
 Dragon's Call            Summ           0%         N/A       100%        9
 Polar Vortex             Ice            0%         N/A       100%        9


Dungeon Overview and Level Annotations

Branches:
Dungeon (15/15)            Temple (0/1) D:7            Lair (5/5) D:8
  Swamp (4/4) Lair:3        Snake (4/4) Lair:3        Slime (0/5) Lair:4
    Orc (2/2) D:12            Elf (3/3) Orc:2        Vaults (5/5) D:13
  Crypt (0/3) Vaults:2     Depths (4/4) D:15            Zot (5/5) Depths:4
  IceCv (visited)         Gauntlet (visited)

Altars:
Ashenzari
Cheibriados
Dithmenos
Elyvilon
Fedhas
Gozag
Hepliaklqana
Kikubaaqudgha
Nemelex Xobeh
Qazlal
Sif Muna
Trog
Uskayaw
Vehumet
Xom
Yredelemnul
Zin
The Shining One

Shops:
D:3 !   D:4 (   D:10 :   D:12 ([   Orc:2 (*[[?   Snake:1 *=   Snake:3 [
Snake:4 *![   Vaults:1 :   Vaults:3 ?:[[*   Zot:2 *   Depths:1 ?

Portals:
Hell: Depths:1 Depths:2 Depths:3 Depths:4
Abyss: Depths:2 Depths:3 Depths:4
Pandemonium: Depths:1 Depths:2 Depths:4
Ziggurat: Depths:2
Bazaar: Depths:2

Annotations:
D:4 1 runed translucent door, exclusion: door, Crazy Yiuf
D:6 2 transporters
D:13 1 runed translucent door
Zot:5 1 runed translucent door, exclusions: door and obsidian statue, TheRegalBeagle's ghost, master OnMo


Innate Abilities, Weirdness & Mutations

You have a pair of large horns on your head.
You reflexively headbutt those who attack you in melee.
You are somewhat resistant to both further mutation and mutation removal.
You occasionally lose the ability to drink potions when taking damage.


Message History

A cacodemon and an Orb Guardian come into view.
As you read the scroll of blinking, it crumbles to dust.
The demonspawn warmonger unwields a +1 demon trident of electrocution.
It stops crackling.
The demonspawn warmonger wields a +2 arbalest of freezing.
It is covered in frost.
The demonspawn warmonger shoots a bolt.
You block the bolt with your +8 tower shield of reflection... and reflect it back!
The bolt hits the demonspawn warmonger!!
The bolt freezes the demonspawn warmonger.
The demonspawn blood saint hits the fungus with a +0 quarterstaff!!
The fungus is engulfed in flames!!
A nearby fungus withers and dies.
The demonspawn warmonger shoots a bolt.
You block the bolt with your +8 tower shield of reflection... and reflect it back!
The bolt hits the demonspawn warmonger!!
The bolt freezes the demonspawn warmonger!
The demonspawn warmonger calls upon its god to speed up something.
The cacodemon gestures at you.
Strange energies course through your body.
The horns on your head grow some more.
Your +2 hat falls away!
The demonspawn warmonger shoots a bolt.
You block the bolt with your +8 tower shield of reflection... and reflect it back!
The bolt closely misses the demonspawn warmonger.
The bolt hits the demonspawn blood saint!!
The bolt freezes the demonspawn blood saint!
You block the Orb Guardian's attack. The cacodemon gestures at you.
The bolt of devastation is repelled.
The Orb Guardian hits you.
The demonspawn blood saint calls on the powers of chaos!
The cacodemon suddenly seems more agile.
The demonspawn warmonger suddenly seems more resistant.
The Orb Guardian goes berserk!
You block the Orb Guardian's attack.
There is a staircase leading out of the dungeon here.
You block the Orb Guardian's attack.
The demonspawn warmonger shoots a bolt.
You block the bolt with your +8 tower shield of reflection... and reflect it back!
The bolt hits the demonspawn warmonger!!
The bolt freezes the demonspawn warmonger.
You block the Orb Guardian's attack.
The cacodemon hits something! x2
You have escaped!

......####.........#
#####.##
...........#####...#
#......# ...........## #####
#.###..# #...#####...##
#.###..# #...# ##.###.##
#.#....# ##.####.## ##.##
####.#.##.# .6.# #.## ##.#
#### #......##.# ####
#.###########..# #.......#.#
#.##~P♣P♣~X@##.###..........
##.#PP~26..§##...........#.#
#.+.)..6♣P°######...)..##.#
#########~..♣PPPP#
#...........#
..##.######'######
#.##......... ............#
#.##..##.##.# .......###.##
#.##..##.##.. ...........#
#.##..##.##.# #.##.#######
#.##..##.##.#


You could see a demonspawn warmonger (fast, resistant), a cacodemon (agile), a
demonspawn blood saint (fast) and an Orb Guardian (berserk).

Vanquished Creatures
  Frederick (Vaults:2)
  7 orbs of fire
  3 dread liches
  4 ancient liches
  2 juggernauts
  2 Killer Klowns
  2 caustic shrikes
  4 curse toes
  12 golden dragons
  The ghost of Droegar the Slayer, an adept MiBe of Trog (Vaults:4)
  Nikola (Vaults:3)
  2 bone dragons
  3 doom hounds (Depths:2)
  6 electric golems
  17 tentacled monstrosities
  25 Orb Guardians (Zot:5)
  7 liches
  3 deep elf blademasters
  Zenata (Elf:2)
  13 titans
  4 quicksilver dragons
  Grunn (Depths:2)
  2 deep elf master archers (Elf:3)
  A kraken (Swamp:3)
  4 death cobs
  3 sphinxes
  An Executioner (D:1)
  Gastronok (Orc:1)
  Kirke (Swamp:1)
  2 ancient champions
  15 storm dragons
  7 shadow dragons
  9 tengu reavers
  Roxanne (Elf:2)
  4 nagarajas
  The ghost of Keoguots the Thaumaturge, an adept GnSk of Makhleb (Swamp:3)
  8 fire giants
  8 draconian monks
  6 iron dragons
  7 draconian shifters
  8 frost giants
  The ghost of Zoimialu the Destroyer, an adept OpHW of Vehumet (Snake:4)
  4 draconian scorchers
  10 draconian knights
  6 deep elf sorcerers
  15 vault wardens
  49 slime creatures
  3 ghouls (Swamp:1)
  3 orc warlords
  9 ironbound preservers
  A ghost moth (Zot:2)
  4 deep elf elementalists (Elf:3)
  2 draconian stormcallers (Zot:4)
  3 reapers
  12 draconian annihilators
  A spriggan defender (Depths:3)
  2 formless jellyfish (Vaults:3)
  12 stone giants
  A vampire knight (Depths:3)
  11 very ugly things
  6 ironbound thunderhulks
  9 green draconians
  A lorocyproca (Depths:4)
  A minotaur (Gauntlet)
  16 black draconians
  9 eleionomae
  10 deep elf death magi
  9 yellow draconians
  Nessos (Lair:4)
  4 bunyips
  12 deep elf demonologists
  22 red draconians
  11 purple draconians
  5 deep elf annihilators
  4 war gargoyles
  The ghost of Wemm the Imperceptible, a journeyman SpEn of Gozag (D:12)
  10 white draconians
  12 dire elephants
  3 spark wasps
  11 ettins
  An eidolon (Vaults:2)
  5 entropy weavers
  17 yaktaur captains
  15 fire dragons
  3 deep elf high priests
  2 rakshasas
  9 great orbs of eyes
  Josephine (Orc:1)
  A hell beast (Depths:4)
  A juggernaut simulacrum (Depths:1)
  32 vault guards
  15 spriggan air magi
  4 salamander tyrants
  An ogre mage (Vaults:5)
  10 ice dragons
  17 hydras
  10 alligators
  A peacekeeper (Vaults:4)
  7 two-headed ogres
  5 ghost crabs
  15 ironbound frosthearts
  27 centaur warriors
  Erica (Orc:1)
  12 anacondas
  4 boulder beetles
  25 dancing weapons
  A death yak (Lair:4)
  5 deep troll shamans
  10 deep troll earth magi
  The ghost of gelatine the Chopper, a novice DsFi of Qazlal (D:9)
  12 naga sharpshooters
  16 naga warriors
  A shock serpent (shapeshifter) (Vaults:5)
  6 vampire magi
  6 occultists
  A soul eater (Depths:4)
  5 orc high priests
  6 spriggan berserkers
  2 tengu warriors
  A titan skeleton (Vaults:2)
  7 shock serpents
  14 deep elf knights
  A skyshark (Lair:3)
  Sonja (Lair:5)
  5 skeletal warriors (D:13)
  A golden dragon zombie (Depths:1)
  A spectral spark wasp (Depths:4)
  3 iron trolls
  7 sea snakes
  A sixfirhy (Depths:4)
  3 salamander mystics
  3 spriggan druids
  3 goliath frogs
  An obsidian statue (Depths:2)
  A quicksilver dragon simulacrum (Depths:4)
  5 glowing orange brains
  7 mana vipers
  2 orange crystal statues
  37 deep trolls
  7 swamp dragons
  11 bog bodies
  A spectral hydra (Swamp:3)
  12 naga ritualists
  8 deep elf archers
  A swamp dragon (shapeshifter) (Vaults:5)
  22 ironbound convokers
  A fenstrider witch simulacrum (Swamp:3)
  A tengu zombie (Vaults:4)
  2 arcanists (Vaults:2)
  2 phantasmal warriors
  13 necromancers
  22 deep elf zephyrmancers
  10 lindwurms
  8 orc knights
  12 orc sorcerers
  A manticore (D:14)
  28 ugly things
  A tengu skeleton (Vaults:2)
  A salamander (shapeshifter) (D:14)
  A faun (shapeshifter) (Depths:1)
  16 deep elf pyromancers
  4 wolf spiders
  10 salamanders
  4 cyclopes
  10 will-o-the-wisps
  A meliai (shapeshifter) (D:14)
  37 moths of wrath
  4 elf zombies
  16 vault sentinels
  An ice statue (IceCv)
  An elephant (shapeshifter) (Vaults:5)
  5 guardian serpents
  29 naga magi
  7 torpor snails
  8 spectral spriggans (Swamp:1)
  3 meliai
  7 elephants
  A smoke demon (Depths:4)
  40 black mambas
  12 cane toads
  7 large abominations (Elf:1)
  An unseen horror (D:10)
  8 rime drakes
  Maggie (D:8)
  8 freezing wraiths
  8 komodo dragons
  24 yaktaurs
  An ice devil (IceCv)
  An anaconda simulacrum (IceCv)
  A human skeleton (Vaults:2)
  6 tengu conjurers
  2 bloated husks
  A tengu simulacrum (Vaults:2)
  A troll (shapeshifter) (Vaults:5)
  5 polar bears
  9 tyrant leeches
  2 queen bees (shapeshifter)
  33 blink frogs
  23 hornets
  An elf simulacrum (Vaults:4)
  8 trolls
  2 glass eyes (Depths:1)
  Grinder (D:3)
  An iron dragon simulacrum (Vaults:2)
  6 dream sheep (Lair:5)
  A dream sheep (shapeshifter) (D:15)
  A human simulacrum (Vaults:4)
  6 air elementals
  A jumping spider (Vaults:2)
  Sigmund (D:3)
  A spriggan skeleton (Depths:1)
  7 water elementals
  2 shadows
  8 wraiths
  14 spriggans
  2 hogs (Swamp:1)
  5 vampires
  18 wyverns
  2 wargs
  3 basilisks
  57 yaks
  A dire elephant simulacrum (IceCv)
  21 vampire mosquitoes
  Eustachio (D:5)
  2 hogs (shapeshifter)
  3 death yak simulacra (IceCv)
  4 fire elementals
  12 redbacks
  A redback simulacrum (D:13)
  A harpy simulacrum (IceCv)
  A glowing shapeshifter zombie (Vaults:2)
  45 nagas
  24 swamp worms
  2 acid dragons
  A death drake simulacrum (Swamp:3)
  15 water moccasins
  A hydra simulacrum (IceCv)
  13 swamp drakes
  3 black bears
  An ettin simulacrum (Vaults:4)
  2 sky beasts
  3 ice beasts
  39 orc warriors
  2 laughing skulls (D:15)
  7 ogres
  14 wolves
  A boggart (Vaults:4)
  15 centaurs
  A phantom (D:6)
  3 human zombies
  11 bullfrogs
  2 kobold brigands
  2 earth elementals (Elf:1)
  2 scorpions (D:5)
  3 two-headed ogre simulacra (IceCv)
  3 cane toad simulacra (IceCv)
  An entropy weaver simulacrum (Vaults:2)
  4 wights (D:9)
  3 elephant simulacra (IceCv)
  7 electric eels (Snake:2)
  A vampire bat (Lair:4)
  5 howler monkeys
  4 crimson imps (D:5)
  4 bombardier beetles
  4 hounds
  3 jellies
  37 orc priests
  3 iguanas
  2 gnoll boudas
  43 orc wizards
  3 sleepcaps (D:7)
  Ijyb (D:3)
  3 polar bear simulacra (IceCv)
  12 hell rats
  10 spriggan simulacra
  8 troll simulacra (IceCv)
  A boggart simulacrum (D:13)
  10 gnolls
  10 adders
  2 naga simulacra (IceCv)
  8 white imps
  3 ufetubi
  5 dart slugs
  72 orcs
  11 bats
  7 endoplasms
  6 giant cockroaches
  11 goblins
  11 hobgoblins
  A jackal (D:2)
  10 kobolds
  3 quokkas
  5 ball pythons
  A frilled lizard (D:2)
  7 rats
  2 spectral weapons (Swamp:4)
  2 tentacles (Swamp:3)
2212 creatures vanquished.

Vanquished Creatures (collateral kills)
  A death cob (Zot:5)
  A draconian annihilator (Zot:5)
  Maurice (D:11)
  A troll (D:8)
  A wyvern (D:11)
  A yak (D:11)
  2 black bears (D:8)
8 creatures vanquished.

Vanquished Creatures (others)
  An ironbound preserver (Vaults:2)
  2 hydras
  An alligator (Swamp:1)
  2 deep elf knights
  A bog body (Swamp:1)
  2 deep elf zephyrmancers (Elf:2)
  2 deep elf pyromancers (Elf:2)
  7 bloated husks
  A hog (Swamp:1)
  A vampire mosquito (Swamp:3)
  A swamp drake (Swamp:4)
  2 wolves (Lair:1)
  An orc wizard (Orc:1)
  34 foxfires
  2 tentacles (Swamp:3)
60 creatures vanquished.

Grand Total: 2280 creatures vanquished

Notes
Turn   | Place    | Note
-------+----------+-------------------------------------------
     0 | D:1      | oldmanjim the Minotaur Fighter began the quest for the Orb.
     0 | D:1      | Reached XP level 1. HP: 19/19 MP: 0/0
    28 | D:1      | Found a faded altar of an unknown god.
    59 | D:1      | Prayed at the altar of an unknown god.
    59 | D:1      | Became a worshipper of Qazlal Stormbringer
    59 | D:1      | Reached * piety under Qazlal
   227 | D:1      | Reached XP level 2. HP: 21/27 MP: 1/1
   821 | D:2      | Reached skill level 4 in Fighting
   971 | D:2      | Reached XP level 3. HP: 32/33 MP: 2/2
  1118 | D:2      | Reached ** piety under Qazlal
  1497 | D:2      | Reached XP level 4. HP: 41/41 MP: 3/3
  1750 | D:3      | Noticed Sigmund
  1772 | D:3      | Killed Sigmund
  1773 | D:3      | Reached skill level 1 in Invocations
  1773 | D:3      | Reached XP level 5. HP: 43/47 MP: 3/5
  1810 | D:3      | Reached skill level 5 in Fighting
  1810 | D:3      | Reached XP level 6. HP: 56/56 MP: 6/6
  1818 | D:3      | Reached skill level 5 in Shields
  1911 | D:3      | Reached skill level 5 in Armour
  2019 | D:3      | Noticed Grinder
  2030 | D:3      | Killed Grinder
  2031 | D:3      | Reached XP level 7. HP: 42/62 MP: 6/8
  2176 | D:3      | Found Acko's Distillery.
  2187 | D:3      | Bought a potion of degeneration for 13 gold pieces
  2187 | D:3      | Bought a potion of curing for 39 gold pieces
  2260 | D:3      | Found a basalt altar of Yredelemnul.
  2275 | D:3      | Noticed Ijyb
  2281 | D:3      | Killed Ijyb
  2372 | D:3      | Found a white marble altar of Elyvilon.
  2696 | D:4      | Reached skill level 5 in Axes
  2789 | D:4      | Found the Hermit's Pendant {Faith Invo=14 Evo=0 MP+5}
  3009 | D:4      | Reached *** piety under Qazlal
  3018 | D:4      | Reached skill level 6 in Fighting
  3185 | D:4      | Found Walorcho's Weapon Emporium.
  3522 | D:4      | Found a runed translucent door.
  3523 | D:4      | Noticed Crazy Yiuf
  3625 | D:5      | Entered Level 5 of the Dungeon
  3967 | D:5      | Noticed Eustachio
  4004 | D:5      | Killed Eustachio
  4005 | D:5      | Reached XP level 8. HP: 71/71 MP: 17/17
  4024 | D:5      | Found a hazy altar of Hepliaklqana.
  4035 | D:5      | Reached skill level 7 in Fighting
  4035 | D:5      | You fall into a shaft and drop 1 floor!
  4035 | D:6      | Found a glowing silver altar of Zin.
  4332 | D:5      | Found a shimmering altar of Xom.
  4494 | D:5      | Reached skill level 8 in Fighting
  4625 | D:5      | Reached **** piety under Qazlal
  4771 | D:5      | Reached XP level 9. HP: 71/82 MP: 18/18
  4832 | D:5      | Found a radiant altar of Vehumet.
  4896 | D:5      | Noticed a troll
  4898 | D:5      | Killed a troll
  5198 | D:5      | Reached skill level 9 in Fighting
  5206 | D:6      | Reached skill level 1 in Throwing
  5386 | D:6      | Found a bloodstained altar of Trog.
  5386 | D:6      | Found a snail-covered altar of Cheibriados.
  5394 | D:6      | Found a faded altar of an unknown god.
  5396 | D:6      | Found a broken altar of Ashenzari.
  5398 | D:6      | Found a faded altar of an unknown god.
  5468 | D:6      | Found a shadowy altar of Dithmenos.
  5597 | D:6      | Found a transporter.
  5616 | D:6      | Found a transporter.
  5639 | D:6      | Found a stormy altar of Qazlal.
  5696 | D:6      | Found a glowing golden altar of the Shining One.
  6349 | D:7      | Found a staircase to the Ecumenical Temple.
  6992 | D:8      | Reached skill level 10 in Fighting
  7032 | D:8      | Found a sparkling altar of Nemelex Xobeh.
  7057 | D:8      | Found a hide-covered altar of Uskayaw.
  7104 | D:8      | Noticed a troll
  7105 | D:8      | Noticed an elephant
  7116 | D:8      | Killed an elephant
  7117 | D:8      | Reached skill level 10 in Armour
  7117 | D:8      | Reached XP level 10. HP: 93/93 MP: 18/19
  7119 | D:8      | Reached skill level 10 in Axes
  7210 | D:8      | Noticed Maggie
  7212 | D:8      | Killed Maggie
  7348 | D:8      | Found the +18 Lear's hauberk
  7391 | D:8      | Found a staircase to the Lair.
  7644 | D:9      | Reached skill level 11 in Fighting
  7766 | D:4      | Bought a +2 broad axe of pain for 264 gold pieces
  7816 | D:3      | Bought a potion of enlightenment for 65 gold pieces
  7816 | D:3      | Bought a potion of heal wounds for 65 gold pieces
  7923 | Lair:1   | Entered Level 1 of the Lair of Beasts
  7967 | Lair:1   | Noticed a cane toad
  7975 | Lair:1   | Killed a cane toad
  7982 | Lair:1   | Reached ***** piety under Qazlal
  8087 | Lair:1   | Reached XP level 11. HP: 102/102 MP: 20/20
  9109 | Lair:2   | Noticed a four-headed hydra
  9117 | Lair:2   | Killed a four-headed hydra
  9118 | Lair:2   | Reached skill level 15 in Axes
  9172 | Lair:2   | Noticed an eight-headed hydra
  9184 | Lair:2   | Killed an eight-headed hydra
  9630 | Lair:2   | Reached XP level 12. HP: 110/110 MP: 21/21
  9802 | Lair:2   | You fall into a shaft and drop 1 floor!
  9806 | Lair:3   | Noticed a boulder beetle
  9813 | Lair:3   | Killed a boulder beetle
  9936 | Lair:3   | Found a staircase to the Swamp.
 10111 | Lair:3   | Reached skill level 12 in Fighting
 10343 | Lair:3   | Found a staircase to the Snake Pit.
 10950 | Lair:4   | Reached skill level 13 in Fighting
 10974 | Lair:4   | Noticed a death yak
 10981 | Lair:4   | Killed a death yak
 10993 | Lair:4   | Noticed a seven-headed hydra
 11009 | Lair:4   | Killed a seven-headed hydra
 11010 | Lair:4   | Reached XP level 13. HP: 86/122 MP: 22/22
 11165 | Lair:4   | Noticed Nessos
 11171 | Lair:4   | Killed Nessos
 11349 | Lair:4   | Reached ****** piety under Qazlal
 11490 | Lair:4   | Found a staircase to the Slime Pits.
 12077 | Lair:5   | Entered Level 5 of the Lair of Beasts
 12085 | Lair:5   | Reached skill level 14 in Fighting
 12157 | Lair:5   | Found a frozen archway.
 12202 | IceCv    | Entered an ice cave
 12302 | IceCv    | Reached skill level 15 in Fighting
 12450 | IceCv    | Reached skill level 1 in Dodging
 12658 | IceCv    | Noticed a reaper
 12665 | IceCv    | Killed a reaper
 13096 | Lair:5   | Noticed Sonja
 13161 | Lair:5   | Killed Sonja
 13343 | Lair:5   | Identified the +5 sling "Suterhaz" {heavy, rCorr Str+3}
 13460 | Lair:5   | Reached XP level 14. HP: 112/136 MP: 23/23
 13625 | Lair:5   | Reached skill level 16 in Fighting
 13628 | Lair:5   | Reached skill level 5 in Dodging
 14172 | Lair:5   | Reached skill level 10 in Shields
 15224 | D:9      | Found a blossoming altar of Fedhas.
 15388 | D:9      | Found a runed translucent door.
 15389 | D:9      | Identified the +1 trident "Waraw" {vamp, rN+ Will+ Dex+4}
 15389 | D:9      | Noticed gelatine's ghost (novice DsFi)
 15549 | D:9      | Found an opulent altar of Gozag.
 15608 | D:9      | Killed gelatine's ghost
 15689 | D:10     | Entered Level 10 of the Dungeon
 15689 | D:10     | Found Beorph's Vocational Training.
 15768 | D:10     | Reached skill level 5 in Throwing
 16385 | D:11     | Noticed Maurice
 16716 | D:11     | Killed Maurice
 17425 | D:12     | Reached skill level 15 in Armour
 17441 | D:12     | Found a staircase to the Orcish Mines.
 17442 | D:12     | Found Untomit's Armour Shoppe.
 17444 | D:12     | Found Zoavugoxt's Weapon Shoppe.
 17963 | Orc:1    | Entered Level 1 of the Orcish Mines
 17967 | Orc:1    | Noticed Erica
 17977 | Orc:1    | Killed Erica
 18523 | Orc:1    | Noticed an orc warlord
 18549 | Orc:1    | Killed an orc warlord
 18553 | Orc:1    | Reached XP level 15. HP: 120/144 MP: 24/24
 18723 | Orc:1    | Noticed Josephine
 18725 | Orc:1    | Noticed Gastronok
 18740 | Orc:1    | Killed Josephine
 18748 | Orc:1    | Killed Gastronok
 19112 | Orc:2    | Entered Level 2 of the Orcish Mines
 19278 | Orc:2    | Found a staircase to the Elven Halls.
 19621 | Orc:2    | Found Wehoc's Weapon Shop.
 19652 | Orc:2    | Found Zonlunod's Armour Shop.
 19652 | Orc:2    | Found Efreda's General Store.
 19653 | Orc:2    | Found Rowak's Armour Boutique.
 19657 | Orc:2    | Found Maupracump's Magic Scroll Boutique.
 19916 | D:13     | Found a runed translucent door.
 19933 | D:13     | Noticed a lich
 20090 | D:13     | Reached skill level 10 in Dodging
 20282 | D:13     | Identified the +2 great sword of Discretion {spect, Str-5
                  | Int+3 SInv}
 20285 | D:13     | Noticed Wemm's ghost (journeyman SpEn)
 20390 | D:13     | Found a runed translucent door.
 20520 | D:13     | Found a gate to the Vaults.
 20665 | D:13     | Killed a lich
 20666 | D:13     | Reached skill level 10 in Throwing
 20978 | D:12     | Killed Wemm's ghost
 21282 | D:14     | Found a gate leading to a gauntlet.
 21293 | Gauntlet | Entered a Gauntlet
 21293 | Gauntlet | Found a transporter.
 21305 | Gauntlet | Found a transporter.
 21306 | Gauntlet | Found a transporter.
 21307 | Gauntlet | Found a transporter.
 21317 | Gauntlet | Found a transporter.
 21318 | Gauntlet | Found a transporter.
 21322 | Gauntlet | Found a transporter.
 21326 | Gauntlet | Found a transporter.
 21329 | Gauntlet | Found a transporter.
 21330 | Gauntlet | Found a transporter.
 21339 | Gauntlet | Found a transporter.
 21341 | Gauntlet | Found a transporter.
 21342 | Gauntlet | Found a transporter.
 21350 | Gauntlet | Found a transporter.
 21710 | Gauntlet | Got Sif Muna's Elucidation of Overcast Exhumation
 21756 | Gauntlet | Identified the ring "Eclaatia" {rC++ AC+4 Int-2}
 21916 | Gauntlet | Identified the ring "Fyidyqia" {rF++ rC- Will+++ rCorr
                  | SInv}
 21950 | Gauntlet | Identified the +7 orcbow of Vunarph {flame, ^Fragile rPois
                  | Will+ SInv}
 22518 | D:14     | Reached XP level 16. HP: 152/152 MP: 25/25
 22940 | D:15     | Entered Level 15 of the Dungeon
 23536 | D:15     | Found a staircase to the Depths.
 23823 | Swamp:1  | Entered Level 1 of the Swamp
 23830 | Swamp:1  | Noticed Kirke
 23833 | Swamp:1  | Reached skill level 17 in Fighting
 23849 | Swamp:1  | Killed Kirke
 26340 | Swamp:3  | Reached skill level 18 in Fighting
 26645 | Swamp:3  | Found a transporter.
 26795 | Swamp:3  | Noticed a kraken
 26803 | Swamp:3  | Killed a kraken
 26804 | Swamp:3  | Reached XP level 17. HP: 156/163 MP: 26/26
 27103 | Swamp:3  | Found a transporter.
 27106 | Swamp:3  | Noticed Keoguots's ghost (adept GnSk)
 27173 | Swamp:3  | Killed Keoguots's ghost
 27408 | Swamp:3  | Identified the +1 robe of Byfelude {rPois Regen+ Dex+5
                  | Stlth-}
 27448 | Swamp:4  | Entered Level 4 of the Swamp
 28509 | Swamp:4  | Upgraded the game from 0.31.0-2-g5a2aebc5c2 to
                  | 0.31.0-4-g52a2dc7128
 28607 | Swamp:4  | Reached skill level 19 in Fighting
 29151 | Swamp:4  | Got a decaying rune of Zot
 29423 | Snake:1  | Entered Level 1 of the Snake Pit
 30367 | Snake:1  | Found Vudenloi's Jewellery Shop.
 30367 | Snake:1  | Found Bechuat's Assorted Antiques.
 31794 | Snake:2  | Reached XP level 18. HP: 164/178 MP: 27/27
 32649 | Snake:3  | Reached skill level 20 in Fighting
 33158 | Snake:3  | Found Quj Fets's Antique Armour Boutique.
 33818 | Snake:4  | Entered Level 4 of the Snake Pit
 34202 | Snake:3  | Reached skill level 15 in Shields
 34692 | Snake:4  | Found a runed translucent door.
 34693 | Snake:4  | Noticed Zoimialu's ghost (adept OpHW)
 35226 | Snake:4  | Found Reeh Uvo's Assorted Antiques.
 35228 | Snake:4  | Found Plog's Distillery.
 35230 | Snake:4  | Found Zacrim's Armour Boutique.
 35236 | Snake:4  | Bought a potion of might for 72 gold pieces
 35236 | Snake:4  | Bought a potion of heal wounds for 90 gold pieces
 35236 | Snake:4  | Bought a potion of haste for 180 gold pieces
 35766 | Snake:4  | Identified the +3 leather armour "Pom Semo" {+Blink Fly
                  | Will+ MP+9}
 36174 | Snake:4  | Got a serpentine rune of Zot
 36487 | Snake:4  | Killed Zoimialu's ghost
 36489 | Snake:4  | Identified the +9 dagger "Iklyriru" {antimagic, rPois}
 36810 | Vaults:1 | Entered Level 1 of the Vaults
 36849 | Vaults:1 | Found Hoilex's Book Shop.
 36914 | Vaults:1 | Reached skill level 1 in Spellcasting
 37050 | Vaults:1 | Reached XP level 19. HP: 139/185 MP: 28/28
 38684 | Vaults:2 | Reached skill level 15 in Dodging
 38945 | Vaults:2 | Identified the orb of Stoicism {light, rElec Dex+3}
 38945 | Vaults:2 | Noticed Frederick
 39782 | Vaults:2 | Killed Frederick
 40167 | Vaults:2 | Found a staircase to the Crypt.
 40264 | Vaults:3 | Found Gosyo's Book Shoppe.
 40846 | Vaults:3 | Noticed Nikola
 40864 | Vaults:3 | Killed Nikola
 41030 | Vaults:3 | Reached XP level 20. HP: 182/193 MP: 29/29
 41113 | Vaults:3 | Identified the +7 great sword "Naetiqaol" {vamp, ^Drain
                  | rPois rF+ Dex+3}
 41146 | Vaults:3 | Found Olan's Antique Armour Boutique.
 41165 | Vaults:3 | You fall into a shaft and drop 1 floor!
 41225 | Vaults:4 | Reached skill level 15 in Throwing
 41277 | Vaults:4 | Found a runed translucent door.
 41286 | Vaults:4 | Noticed Droegar's ghost (adept MiBe)
 41321 | Vaults:4 | Killed Droegar's ghost
 41775 | Vaults:3 | Found Jeelidie's Magic Scroll Emporium.
 41785 | Vaults:3 | Bought a scroll of enchant armour for 90 gold pieces
 41785 | Vaults:3 | Bought a scroll of revelation for 90 gold pieces
 41786 | Vaults:3 | Bought 2 scrolls of enchant weapon for 180 gold pieces
 42288 | Vaults:3 | Found Offour's General Store.
 42296 | Vaults:3 | Found Gar Owah's Antique Armour Shop.
 42788 | Vaults:4 | Reached skill level 5 in Spellcasting
 44019 | Elf:1    | Entered Level 1 of the Elven Halls
 44665 | Elf:1    | Paralysed by an air elemental for 1 turns
 44671 | Elf:1    | Paralysed by an air elemental for 1 turns
 44675 | Elf:1    | Reached XP level 21. HP: 157/188 MP: 30/30
 44774 | Elf:1    | Reached skill level 21 in Fighting
 44836 | Elf:1    | Paralysed by an air elemental for 1 turns
 44841 | Elf:1    | Paralysed by an air elemental for 1 turns
 45216 | Elf:1    | Got the Discourse on Unhallowed Rituals
 45441 | Elf:2    | Identified the granite talisman "Voesirgh" {rN++ Int+3}
 45441 | Elf:2    | Noticed Roxanne
 45460 | Elf:2    | Killed Roxanne
 45539 | Elf:2    | Noticed Zenata
 45553 | Elf:2    | Killed Zenata
 46039 | Elf:2    | Paralysed by an air elemental for 1 turns
 46043 | Elf:2    | Found an ancient bone altar of Kikubaaqudgha.
 46428 | Elf:2    | Found a runed translucent gate.
 46429 | Elf:2    | Found a runed translucent gate.
 46429 | Elf:2    | Found a runed translucent gate.
 47155 | Elf:2    | Identified the +4 glaive "Killer Klown's Doom" {drain,
                  | rElec Str-4 Stlth+}
 47237 | Elf:3    | Entered Level 3 of the Elven Halls
 47411 | Elf:3    | Paralysed by an air elemental for 1 turns
 48352 | Elf:3    | Identified the +0 chain mail of Hopscotch {Str+5}
 48532 | Elf:3    | Identified the +5 rapier "Wosch" {freeze, rElec Int+3}
 48578 | Elf:3    | Found the brooch of Shielding {Spirit SH+8}
 49023 | Elf:3    | Found the +3 Elemental Staff {ele, rElec rF+ rC+ AC+3}
 49029 | Elf:3    | Got the Precepts of Effluvium and the Zephyr
 49149 | Elf:3    | Reached skill level 22 in Fighting
 49152 | Elf:3    | Upgraded the game from 0.31.0-4-g52a2dc7128 to
                  | 0.31.0-7-gf635a9b802
 49412 | Elf:3    | Identified the +3 spear of Husu {venom, rPois rN+ Int+2}
 49767 | Depths:1 | Entered Level 1 of the Depths
 50035 | Depths:1 | Found a gateway to Hell.
 50040 | Depths:1 | You fall into a shaft and drop 1 floor!
 50040 | Depths:2 | Found a one-way gateway to a ziggurat.
 50221 | Depths:2 | Found a hazy altar of Hepliaklqana.
 50242 | Depths:1 | Identified the ring "Wexaank" {Ice rElec Str+8 Dex-5}
 50242 | Depths:1 | Noticed a caustic shrike
 50242 | Depths:1 | Identified the amulet of Fedhas's Wrath {Spirit ^Fragile
                  | rElec Str+2 Dex+6}
 50242 | Depths:1 | Noticed a golden dragon
 50251 | Depths:1 | Reached XP level 22. HP: 148/216 MP: 31/31
 50318 | Depths:1 | Killed a caustic shrike
 50573 | Depths:1 | Killed a golden dragon
 50979 | Depths:1 | Found a bloodstained altar of Trog.
 51102 | Depths:1 | Found Juditwi's Magic Scroll Shop.
 51108 | Depths:1 | Found a one-way gate leading to the halls of Pandemonium.
 51129 | Depths:1 | Bought a scroll of acquirement for 676 gold pieces
 51129 | Depths:1 | Bought a scroll of blinking for 97 gold pieces
 51129 | Depths:1 | Acquired a +4 heavy broad axe
 51503 | Depths:1 | Identified the ring "Vinurod" {+Blink rN+ Dex+3 Slay-3}
 51548 | Depths:1 | Identified the amulet "Qughagu" {Faith rPois Int+3}
 51752 | Depths:2 | Reached skill level 23 in Fighting
 52035 | Depths:2 | Noticed Grunn
 52045 | Depths:2 | Killed Grunn
 52651 | Depths:2 | Found a gateway to a bazaar.
 52738 | Depths:2 | Noticed a caustic shrike
 52745 | Depths:2 | Noticed a juggernaut
 52751 | Depths:2 | Killed a caustic shrike
 52761 | Depths:2 | Killed a juggernaut
 52830 | Depths:2 | Found a one-way gate to the infinite horrors of the Abyss.
 53152 | Depths:2 | Identified the +13 plate armour of Pride {-Cast rPois
                  | rCorr}
 53765 | Vaults:3 | Bought a pair of faintly humming gloves for 380 gold pieces
 53765 | Vaults:3 | Identified the -2 pair of gloves of Vanity {+Inv rElec rC++
                  | Dex-2} (You bought it in a shop on level 3 of the Vaults)
 53852 | Vaults:3 | Bought a +1 pair of gloves of strength for 247 gold pieces
 54111 | Depths:3 | Noticed a juggernaut
 54121 | Depths:3 | Killed a juggernaut
 55096 | Depths:3 | Got the Verses on Flamy Glaciation
 55109 | Depths:3 | Got the Lessons on Leaden Blasting
 55123 | Depths:3 | Found a shimmering blue altar of Sif Muna.
 55123 | Depths:3 | Noticed an ancient lich
 55123 | Depths:3 | Noticed a dread lich
 55475 | Depths:3 | Killed a dread lich
 55508 | Depths:3 | Got the Guidebook on Atmospheric Position
 55526 | Depths:3 | Got the Parchment of Nonlocality
 55538 | Depths:3 | Reached XP level 23. HP: 201/227 MP: 32/32
 55597 | Depths:3 | Killed an ancient lich
 55779 | Depths:3 | Got the Meditations on Mortification
 55872 | Depths:4 | Entered Level 4 of the Depths
 56965 | Depths:4 | Found a gate to the Realm of Zot.
 57703 | Vaults:4 | Upgraded the game from 0.31.0-7-gf635a9b802 to
                  | 0.31.0-9-g3a7656b989
 57703 | Vaults:4 | Upgraded the game from 0.31.0-9-g3a7656b989 to
                  | 0.31.0-10-gcf4a605ca0
 57707 | Vaults:5 | Entered Level 5 of the Vaults
 57711 | Vaults:5 | Reached skill level 24 in Fighting
 57726 | Vaults:5 | Gained mutation: You have hidden genetic defects. [a
                  | neqoxec]
 58149 | Vaults:5 | Gained mutation: You are clumsy. (Dex -2) [hidden defects]
 58423 | Vaults:5 | Identified the +5 sling of Growth {antimagic, Str+2 SInv}
 58585 | Vaults:5 | Noticed an ancient lich
 58587 | Vaults:5 | Noticed an ancient lich
 58591 | Vaults:5 | Killed an ancient lich
 58594 | Vaults:5 | Killed an ancient lich
 58713 | Vaults:5 | Identified the ring of Dieheep {Wiz *Slow rN+ Str+3 Slay+2}
 58851 | Vaults:5 | Reached XP level 24. HP: 208/238 MP: 32/32
 58879 | Vaults:5 | Gained mutation: You occasionally lose the ability to drink
                  | potions when taking damage. [hidden defects]
 58879 | Vaults:5 | Lost mutation: You have hidden genetic defects. [hidden
                  | defects expressed]
 59022 | Vaults:5 | Identified the ring "Nimosm" {rElec rPois SInv}
 59323 | Vaults:5 | Identified the +1 scale mail of Sikut {rC+ Will- Int+6
                  | Dex+3}
 59326 | Vaults:5 | Got a silver rune of Zot
 59799 | Zot:1    | Entered Level 1 of the Realm of Zot
 61111 | Zot:1    | Noticed a dread lich
 61116 | Zot:1    | Noticed a dread lich
 61117 | Zot:1    | Killed a dread lich
 61123 | Zot:1    | Killed a dread lich
 61229 | Zot:1    | Identified the +2 sling "Jeiqur" {flame, rElec rPois Int-2}
 61231 | Zot:1    | Found a faded altar of an unknown god.
 61291 | Zot:1    | Got Souqy's Textbook on Firn and Transmogrification
 61312 | Zot:1    | You fall into a shaft and drop 1 floor!
 61745 | Zot:2    | Reached skill level 25 in Fighting
 61867 | Zot:2    | Found Olinleha's Changing Room.
 62026 | Zot:2    | Identified the +0 pair of gloves of the Evil One {+Blink
                  | Will+}
 63877 | Zot:2    | Identified the +6 leather armour "Yddacefe" {rC+ Int+3
                  | Slay+2}
 64102 | Zot:3    | Reached XP level 25. HP: 246/253 MP: 32/32
 64329 | Zot:2    | Reached skill level 26 in Fighting
 64461 | Zot:3    | Identified the +10 chain mail of the Last Dreams {Str+2}
 65252 | Zot:4    | Found the +4 robe of Folly {Brill Will-∞ Int+8}
 66455 | Zot:4    | Noticed an orb of fire
 66468 | Zot:4    | Killed an orb of fire
 67008 | Zot:5    | Entered Level 5 of the Realm of Zot
 67106 | Zot:5    | Found a runed translucent door.
 67106 | Zot:5    | Noticed TheRegalBeagle's ghost (master OnMo)
 67175 | Zot:5    | Identified the +1 battleaxe of Lust {protect, rPois Will+
                  | Int+5 Dex-4}
 67259 | Zot:5    | Reached skill level 27 in Fighting
 67544 | Zot:5    | Gained mutation: You are somewhat resistant to further
                  | mutation. [an orb of fire]
 67545 | Zot:5    | Noticed an orb of fire
 67548 | Zot:5    | Paralysed by a Zot trap for 4 turns
 67562 | Zot:5    | Killed an orb of fire
 67583 | Zot:5    | Gained mutation: You occasionally lose the ability to read
                  | scrolls when taking damage. [mutagenic glow]
 68836 | Zot:5    | Noticed an orb of fire
 68852 | Zot:5    | Gained mutation: You are very clumsy. (Dex -4) [an orb of
                  | fire]
 68855 | Zot:5    | Noticed an orb of fire
 68856 | Zot:5    | Noticed an orb of fire
 68861 | Zot:5    | Noticed an orb of fire
 68873 | Zot:4    | Gained mutation: Your magical capacity is low. (-10% MP)
                  | [an orb of fire]
 68881 | Zot:4    | Killed an orb of fire
 69050 | Zot:5    | Gained mutation: You occasionally shout uncontrollably at
                  | your foes. [an orb of fire]
 69053 | Zot:5    | Killed an orb of fire
 69060 | Zot:5    | Killed an orb of fire
 69338 | Zot:5    | Gained mutation: You are frail. (-10% HP) [an orb of fire]
 69341 | Zot:5    | Gained mutation: You are partially covered in iridescent
                  | scales. (AC +2) [an orb of fire]
 69346 | Zot:5    | Killed an orb of fire
 69380 | Zot:5    | Noticed an ancient lich
 69391 | Zot:5    | Killed an ancient lich
 69412 | Zot:5    | Noticed a Killer Klown
 69413 | Zot:5    | Noticed a Killer Klown
 69425 | Zot:5    | Killed a Killer Klown
 69444 | Zot:4    | Killed a Killer Klown
 69797 | Zot:5    | Reached XP level 26. HP: 239/239 MP: 29/29
 69827 | Zot:5    | Noticed an orb of fire
 69831 | Zot:5    | Gained mutation: You sometimes lose your temper in combat.
                  | [an orb of fire]
 69832 | Zot:5    | Killed an orb of fire
 69997 | Zot:5    | Upgraded the game from 0.31.0-10-gcf4a605ca0 to
                  | 0.31.0-11-ge490571c62
 70340 | Zot:5    | Lost mutation: Your magical capacity is low. (-10% MP)
                  | [potion of mutation]
 70340 | Zot:5    | Lost mutation: You are partially covered in iridescent
                  | scales. (AC +2) [potion of mutation]
 70340 | Zot:5    | Lost mutation: You occasionally lose the ability to read
                  | scrolls when taking damage. [potion of mutation]
 70341 | Zot:5    | Lost mutation: You are frail. (-10% HP) [potion of
                  | mutation]
 70341 | Zot:5    | Lost mutation: You occasionally shout uncontrollably at
                  | your foes. [potion of mutation]
 70341 | Zot:5    | Lost mutation: You are very clumsy. (Dex -4) [potion of
                  | mutation]
 70341 | Zot:5    | Gained mutation: You are somewhat resistant to both further
                  | mutation and mutation removal. [potion of mutation]
 70342 | Zot:5    | Lost mutation: You sometimes lose your temper in combat.
                  | [potion of mutation]
 70342 | Zot:5    | Lost mutation: You are clumsy. (Dex -2) [potion of
                  | mutation]
 70388 | Zot:5    | Got the Orb of Zot
 70605 | Depths:1 | Noticed Gilueprada the pandemonium lord
 71028 | D:1      | Gained mutation: You have a pair of large horns on your
                  | head. [a cacodemon]
 71032 | D:$      | Escaped with the Orb!

Illustrated notes

Levels and vault maps discovered:
D:1:      tarquinn_simple_flora_water_f, layout_loops_ring,
          basic_ecumenical_altar
D:2:      minmay_diamond_boxcup, layout_basic, st_stairs_12,
          nicolae_hexahallways, minmay_surrounded
D:3:      layout_basic, nicolae_overflow_crystal_walls,
          nicolae_elyvilon_peaceful_grove, serial_shops, nicolae_square_shop,
          uniq_grinder, uniq_sigmund, uniq_ijyb
D:4:      layout_basic, serial_shops, nicolae_shop_bloodbath_and_beyond,
          uniq_crazy_yiuf_cottage
D:5:      layout_cave_pods, led_xom_imps, grunt_ministairs_14,
          hangedman_feature_mirror, minmay_gold_behind_fungi,
          minmay_fractal_squares_gapless_5, uniq_eustachio
D:6:      gammafunk_steamed_eel, layout_cave_pods, overflow_temple_1_default,
          chequers_temple_overflow_minitemple, nicolae_dithmenos_the_darkroom,
          tso_metal_star, mainiacjoe_overflow_alcove_4, kennysheep_small_spiral
D:7:      layout_loops_ring, temple_green
D:8:      layout_gridville, mainiacjoe_overflow_concentric_impassable,
          overflow_temple_1_default, david_lair_generic,
          hellmonk_guarded_unrand_lears, uniq_maggie
D:9:      layout_rooms, old_standard_altar, lemuel_coloured_pillars_altar,
          ebering_ghost_funeral_grove
D:10:     layout_loops_ring, nicolae_shop_vocational
D:11:     layout_cave_pools, uniq_maurice
D:12:     layout_loops_ring, orc_david_3, bh_walls_and_bars
D:13:     layout_big_octagon, hellmonk_vaults_keyhole,
          muffindrake_ghost_dual_entry
D:14:     layout_loops_corners, gauntlet_entry_generic, glass_columns_a
D:15:     gammafunk_enter_depths_forms, layout_rooms,
          chequers_serial_rivers_micro_a
Lair:1:   beast_lair_carwin_large_2, layout_loops_ring,
          chequers_serial_rivers_micro_a
Lair:2:   layout_chaotic_city
Lair:3:   layout_loops_ring, skrybe_swamp_entry_bodies,
          minmay_snake_entry_guardpost_small, nzn_sisyphean_effort,
          grunt_megastairs_2, lemuel_fruit_tree
Lair:4:   layout_small_grid, slime_entry_1, roderic_batcave, uniq_nessos
Lair:5:   hangedman_lair_tendril_chambers, layout_regular_city, wormcave,
          portal_ice_cave_rime, uniq_sonja
Swamp:1:  nicolae_swamp_flooded_prison, layout_basic_swamp,
          nicolae_swamp_bean_lake, uniq_kirke
Swamp:2:  layout_basic_swamp, nicolae_swamp_trees_clearing, swamp_pool_5
Swamp:3:  layout_falls_marsh, gammafunk_ghost_mausoleum,
          evilmike_swamp_ruin_house_4, swamp_pool_3,
          nicolae_swamp_thats_no_hydra
Swamp:4:  swamp_fiery, layout_basic_swamp
Snake:1:  cheibrodos_snake_ritualist_ritual, layout_layer_cave,
          minmay_shoptagon, grunt_megastairs_4, serial_bayou_shore_b
Snake:2:  layout_honeycomb, nicolae_snake_gridmaze_tees, serial_bayou_lake_a
Snake:3:  layout_misc_corridors, serial_shops, nicolae_shop_just_a_little_nook,
          serial_bayou_shore_a
Snake:4:  snake_pit, layout_layer_cave, gammafunk_ghost_grave,
          nicolae_snake_double_loop, minmay_shop_star
Orc:1:    orc_temple, layout_caves, basic_altar, uniq_josephine, uniq_gastronok,
          uniq_erica
Orc:2:    st_orc_mages, layout_diamond_mine, serial_shops, shop, basic_altar
Elf:1:    nicolae_elf_arrival_no_cutting_in_line, layout_geoelf_grid,
          minmay_elf_necromancy, fake_guardian_serpent_vault
Elf:2:    nicolae_elf_blades_crystal_corner, layout_onion_city,
          guppyfry_elf_altar, uniq_roxanne, uniq_zenata
Elf:3:    grunt_elf_hall_branching, layout_geoelf_grid, grunt_ministairs_7
Vaults:1: nicolae_vaults_disjoint_gnomons, grunt_vaults_funnel,
          nicolae_vaults_sesquioval_fish, nicolae_vaults_three_branches,
          layout_vaults_omnigrid, serial_shops, shop_statue
Vaults:2: vaults_dpeg_ring, nicolae_vaults_an_arrangement, vaults_room_corners,
          vaults_room_large_hall, grunt_vaults_twisty, nicolae_vaults_alarming,
          grunt_vaults_bifocal, minmay_crypt_entry_simple_walls, v_misc_9,
          ontoclasm_vaults_spin, nicolae_vaults_storage_closets_1,
          ontoclasm_vaults_bender, layout_vaults_maze_bifur, uniq_frederick
Vaults:3: v_misc_15, v_misc_15, v_misc_15, vaults_mumra_lcd,
          nicolae_vaults_meiosis, grunt_vaults_hallway_short, v_pattern_3,
          nicolae_vaults_border_crossing, nicolae_vaults_trapezoid_lopsided_4,
          v_rooms_3, vaults_room_grunt_arrival_ludios, layout_vaults_big_cross,
          serial_shops, shop, nicolae_shop_hallway_stairs, shop_statue,
          nicolae_diamond_shop, shop, uniq_nikola
Vaults:4: hellmonk_ghost_big_iron, nicolae_vaults_offset_grid_hallway_1,
          nicolae_vaults_whirlpool_walls, v_pattern_2, v_misc_28,
          nicolae_vaults_sealed_display, nicolae_vaults_sightless_eye,
          nicolae_vaults_trapezoid_lopsided_2, v_misc_17,
          nicolae_vaults_network_star, ontoclasm_vaults_eye,
          nicolae_vaults_specimen_jars, ontoclasm_vaults_claustrophobia,
          ontoclasm_vaults_decontamination, layout_vaults_omnibox
Vaults:5
Depths:1: minmay_the_grid_triangle_9x9_line_8_mashed
          [minmay_the_grid_triangle_9x9_stretched_checkered,
          minmay_the_grid_triangle_9x9_corruption,
          minmay_the_grid_triangle_9x9_flanged_cone,
          minmay_the_grid_triangle_9x9_warning,
          minmay_the_grid_triangle_9x9_empty,
          minmay_the_grid_triangle_9x9_zippers_horizontal,
          minmay_the_grid_triangle_9x9_negative_grid,
          minmay_the_grid_triangle_9x9_prize_special], layout_basic,
          serial_rivers, chequers_serial_rivers_marsh,
          chequers_serial_rivers_marsh, chequers_serial_rivers_small_a,
          chequers_serial_rivers_room_b, chequers_serial_rivers_marsh,
          chequers_serial_rivers_small_a, serial_shops, shop, hell_entry,
          pan_entry, serial_bayou_pond_b, dk_noncrumbling_4,
          chequers_serial_rivers_micro_d, trog_three_pillars_becter
Depths:2: nzn_winding_woodlands_cross [nzn_winding_woodlands_5x15_garden,
          nzn_winding_woodlands_5x15_split_checker,
          nzn_winding_woodlands_5x15_jagged, nzn_winding_woodlands_5x15_eye,
          nzn_winding_woodlands_15x15_thick_spiral], layout_long_grid,
          enter_ziggurat_f, nicolae_hepliaklqana_hazy_memory,
          nicolae_abyss_entry_one_way_or_another, serial_shops, statue_bzr,
          hell_entry, rand_demon_pan_entry_9,
          nicolae_concentric_dashed_squares_mild, uniq_grunn
Depths:3: evilmike_library_of_no_secrets, layout_honeycomb,
          minmay_stone_trees_medium, abyss_entry_glasseish, hell_entry,
          nicolae_fountain_basement
Depths:4: grunt_twist_and_shout, layout_gridlike, serial_aquarium,
          aquarium_bridge_square [aquarium_subvault_window,
          aquarium_subvault_bridge, aquarium_subvault_bridge,
          aquarium_subvault_window], aquarium_bridge_square
          [aquarium_subvault_wall, aquarium_subvault_wall,
          aquarium_subvault_bridge, aquarium_subvault_window],
          aquarium_window_1, aquarium_window_corner, aquarium_window_fake,
          aquarium_view_2e, aquarium_view_2b, aquarium_pool_1,
          hangedman_abyss_entry_splay, grunt_mini_vestibule,
          grunt_pan_entry_zigzag
Zot:1:    regret_index_infernal_bastille, layout_twisted_circle
Zot:2:    minmay_elemental_castle, layout_basic, regret_index_zotdec_onion_hex,
          regret_index_zotdec_tunneler, grunt_ministairs_15,
          nicolae_transmutations_shop, lemuel_flame_loot_1
Zot:3:    layout_misc_corridors
Zot:4:    grunt_zot_stairs_mandelzot, layout_misc_corridors,
          regret_index_zotdec_banners
Zot:5:    layout_cathedral_of_symmetry, ebering_ghost_inner_flame,
          grunt_ministairs_6

Skill      XL: |  1  2  3  4  5  6  7  8  9 10 11 12 13 14 15 16 17 18 19 20 21 22 23 24 25 26 |
---------------+-------------------------------------------------------------------------------+-----
Fighting       | 4 5 6 8 10 11 13 15 16 18 19 20 22 23 24 25 27 | 27.0
Shields        | 4 5 7 10 13 15 16 17 19 | 19.0
Armour         | 4 5 6 8 10 12 14 15 16 20 22 24 25 | 25.0
Axes           | 3 4 6 7 9 13 17 18 19 20 22 24 | 24.0
Invocations    | 1 2 3 |  3.0
Throwing       | 3 4 7 10 14 15 17 18 | 18.0
Dodging        | 4 8 10 12 14 15 17 21 23 | 23.0
Spellcasting   | 1 4 5 |  5.0

Action                     |  1- 3 |  4- 6 |  7- 9 | 10-12 | 13-15 | 16-18 | 19-21 | 22-24 | 25-27 || total
---------------------------+-------+-------+-------+-------+-------+-------+-------+-------+-------++-------
  Melee: War axe           |    68 |    57 |   318 |    32 |       |       |       |       |       ||   475
         Headbutt          |     9 |    11 |    63 |    76 |   236 |   291 |   386 |   257 |   108 ||  1437
         Broad axe         |       |       |       |   337 |  1101 |  1197 |  1344 |  1008 |   448 ||  5435
         Trident           |       |       |       |     9 |       |    80 |       |       |       ||    89
  Throw: Dart              |       |       |     3 |       |       |       |       |       |       ||     3
         Stone             |       |       |     3 |       |       |       |       |       |       ||     3
         Boomerang         |       |       |     4 |       |     1 |   185 |    26 |    89 |    25 ||   330
 Invoke: Upheaval          |       |       |     1 |     8 |     7 |    16 |    13 |     7 |     3 ||    55
         Elemental Force   |       |       |     1 |       |     1 |       |       |       |     2 ||     4
         Disaster Area     |       |       |       |       |       |       |       |     1 |       ||     1
  Evoke: Wand              |       |       |       |       |       |    27 |       |     3 |    10 ||    40
    Use: Scroll            |       |       |     9 |     5 |    14 |     8 |    11 |    17 |    11 ||    75
         Potion            |       |       |       |       |     1 |     1 |       |     3 |     9 ||    14
   Stab: Paralysed         |       |       |       |     1 |       |       |       |       |     1 ||     2
         Distracted        |       |       |       |       |       |       |       |       |     2 ||     2
 Armour: Scale mail        |    41 |       |       |       |       |       |       |       |       ||    41
         Chain mail        |     5 |    36 |   211 |   247 |   386 |   605 |   399 |   106 |       ||  1995
         Skin              |       |       |       |       |     3 |       |       |       |       ||     3
         Plate armour      |       |       |       |       |       |       |       |   443 |   263 ||   706
  Dodge: Dodged            |    33 |    19 |   122 |    97 |   203 |   353 |   201 |   227 |   107 ||  1362
         Repelled          |       |       |     1 |     4 |     7 |    35 |    17 |    31 |    16 ||   111
  Block: Buckler           |    23 |    16 |   148 |   189 |    46 |       |       |       |       ||   422
         Kite shield       |       |       |       |       |   680 |   985 |       |       |       ||  1665
         Other             |       |       |       |       |     1 |       |       |       |       ||     1
         Tower shield      |       |       |       |       |       |   152 |  1419 |  1492 |   678 ||  3741
         Reflection        |       |       |       |       |       |    30 |   145 |    39 |    15 ||   229
